 Dungeon Crawl Stone Soup version 0.30.0-5-g1a98f26d00 (webtiles) character file.

Game seed: 11104382943965412946

2 SnakkuSnakku7 the Magician (level 1, -2/11 HPs)
             Began as a Deep Elf Transmuter on May 11, 2023.
             Succumbed to a kobold's poison
             ... on level 1 of the Dungeon.
             The game lasted 00:00:11 (111 turns).

SnakkuSnakku7 the Magician (Deep Elf Transmuter)     Turns: 111, Time: 00:00:12

Health: -2/11      AC:  2    Str:  7    XL:     1   Next: 33%
Magic:  5/6        EV: 12    Int: 17    God:
Gold:   33         SH:  0    Dex: 15    Spells: 5/6 levels left

rFire   . .          .
                       - Unarmed
rCold   . . .        (no shield)
rNeg    . . .        a - +0 robe
rPois   .            (helmet currently unavailable)
rElec   .            (no cloak)
rCorr   .            (no gloves)
SInv    .            (boots currently unavailable)
Will    .....        (no amulet)
Stlth   +            (no ring)
HPRegen 0.21/turn    (no ring)
MPRegen 0.10/turn

%: no passive effects
@: lethally poisoned (-2 -> -18), appendages
A: horns 2, talons 2
a: End Transformation


You were on level 1 of the Dungeon.
You had temporarily grown beastly horns and talons.
You visited 1 branch of the dungeon, and saw 1 of its levels.

You collected 33 gold pieces.

Inventory:

Armour
 a - a +0 robe (worn)
Jewellery
 c - an amulet of faith
Potions
 b - a potion of lignification


   Skills:
 - Level 0.7 Fighting
 - Level 2.4 Dodging
 + Level 2.5 Unarmed Combat
 - Level 3.0 Spellcasting
 + Level 2.3 Transmutations


You had 5 spell levels left.
You knew the following spells:

 Your Spells              Type           Power      Damage    Failure   Level
a - Beastly Appendage     Tmut           20%        N/A       7%          1

Your spell library contained the following spells:

 Spells                   Type           Power      Damage    Failure   Level
 Wereblood                Tmut           10%        N/A       10%         2
 Spider Form              Tmut/Pois      6%         N/A       32%         3
 Ice Form                 Ice/Tmut       6%         N/A       71%         4


Dungeon Overview and Level Annotations

Branches:
Dungeon (1/15)

Altars:


Innate Abilities, Weirdness & Mutations

You have temporarily grown beastly horns and talons.


Message History

No target in view!
No target in view!
You hit the dart slug.
The dart slug is lightly wounded.
The dart slug barely misses you.
You hit the dart slug. You headbutt the dart slug.
You kill the dart slug!
You see here a dart slug corpse.
Magic restored.
Your transformation is almost over.
You now have 24 gold pieces (gained 11).
You now have 29 gold pieces (gained 5).
Your horns disappear.
Your talons disappear.
You now have 33 gold pieces (gained 4).
Found 4 stones.
Found a stone staircase leading down.
A hobgoblin and a kobold come into view.
The kobold is wielding a +2 short sword of venom.
The kobold shouts!
The hobgoblin shouts!
There are monsters nearby!
You see here an amulet of faith.
c - an amulet of faith The kobold attacks as you move away!
The kobold hits you but does no damage.
You are poisoned.
You feel sick.
You feel sick.
Casting: Beastly Appendage (safe; 7% risk of failure)
Confirm with . or Enter, or press ? or * to list all spells.
You grow a pair of large bovine horns.
Your feet morph into talons.
You feel sick.
The kobold hits you with a +2 short sword of venom.
You are lethally poisoned!
You hit the kobold but do no damage. Your headbutt misses the kobold.
* * * LOW HITPOINT WARNING * * *
You feel very sick.
The kobold hits you with a +2 short sword of venom.
* * * LOW HITPOINT WARNING * * *
You are more poisoned.
You hit the kobold.
The kobold is severely wounded.
You die...

##.#.###.# ###..# ....
#.#########...##
###.####...##........#
..............###.####
###.########.####.# #.
#..##..# #. ##....##
.. #.##.# .# #..##@#
.. #. ###K# .# ..
##g#####.#. #
#....g.....
#..?.....#. #....(...#
####.....# .#...#
#.>#.#


You could see a hobgoblin and a kobold.

Vanquished Creatures
  A dart slug (D:1)
1 creature vanquished.

Notes
Turn   | Place    | Note
-------+----------+-------------------------------------------
     0 | D:1      | SnakkuSnakku7 the Deep Elf Transmuter began the quest for
                  | the Orb.
     0 | D:1      | Reached XP level 1. HP: 11/11 MP: 6/6
   111 | D:1      | Succumbed to a kobold's poison

Illustrated notes

Levels and vault maps discovered:
D:1:      wheals_arrival_linesprint, layout_rooms,
          chequers_serial_rivers_small_b

Action                     || total
---------------------------++-------
  Melee: Unarmed           ||     4
         Headbutt          ||     1
   Cast: Beastly Appendage ||     2
 Armour: Robe              ||     1
  Dodge: Dodged            ||     1
